 Dungeon Crawl Stone Soup version 0.28-a0-938-gbc3f381ebc (webtiles) character file.

Game seed: 10917051888910635719

4362 shoop the Gusty (level 10, -7/76 HPs)
             Began as a Demonspawn Delver on Nov 28, 2021.
             Was a Follower of Nemelex Xobeh.
             Mangled by a vampire (9 damage)
             ... on level 7 of the Dungeon.
             The game lasted 00:21:25 (8186 turns).

shoop the Gusty (Demonspawn Delver)                 Turns: 8186, Time: 00:21:25

Health: -7/76      AC:  5    Str: 10 (13) XL:     10   Next: 12%
Magic:  16/16      EV: 14    Int: 15 (18) God:    Nemelex Xobeh [*.....]
Gold:   453        SH:  0    Dex: 13 (14) Spells: 14/17 levels left

rFire   + . .      SeeInvis .   l - +7 whip "Killer Klown's Bane" {vorpal, Int+3}
rCold   . . .      Faith    .   (no shield)
rNeg    . . .      Spirit   .   y - +2 robe {Will+}
rPois   +          Reflect  .   C - +0 helmet
rElec   +          Harm     .   (no cloak)
rCorr   .          Rampage  .   (gloves unavailable)
Will    ++...                   (no boots)
Stlth   +++.......              v - amulet of regeneration
HPRegen 1.02/turn               j - ring of willpower
MPRegen 0.15/turn               x - ring "Tewniyl" {rElec rPois rF+}

@: mighty
A: foul stench 1, powered by pain 1, demonic touch 3
a: Renounce Religion, Draw Escape, Draw Destruction, Draw Summoning


You were on level 7 of the Dungeon.
You worshipped Nemelex Xobeh.
Nemelex Xobeh was aware of your devotion.
You visited 2 branches of the dungeon, and saw 9 of its levels.

You collected 453 gold pieces.

Inventory:

Hand Weapons
 a - a +0 falchion
 h - the +1 spear "Lumeving" {drain, rN+ Int+2}
   (You found it on level 4 of the Dungeon)

   A truly terrible weapon, it drains the life of any living foe it strikes.
   Int:       It affects your intelligence (+2).
   rN:        It protects you from negative energy.
 k - a +4 dagger
 l - the +7 whip "Killer Klown's Bane" (weapon) {vorpal, Int+3}
   (You found it on level 4 of the Dungeon)

   It inflicts extra damage upon your enemies.
   Int:       It affects your intelligence (+3).
 G - the +8 dagger of Truncation {vorpal, rElec rN++ rCorr MP-9}
   (You found it on level 7 of the Dungeon)

   It inflicts extra damage upon your enemies.
   rElec:     It insulates you from electricity.
   rN:        It greatly protects you from negative energy.
   MP:        It affects your magic capacity (-9).
   rCorr:     It protects you from acid and corrosion.
Missiles
 t - 4 curare-tipped darts (quivered)
 u - 3 javelins
 w - 9 boomerangs
 B - 3 atropa-tipped darts
Armour
 b - a +0 leather armour
 y - a +2 robe of willpower (worn)
 C - a +0 helmet (worn)
Jewellery
 j - a ring of willpower (left hand)
 v - an amulet of regeneration (around neck)
 x - the ring "Tewniyl" (right hand) {rElec rPois rF+}
   (You found it on level 5 of the Dungeon)

   [ring of poison resistance]

   rF:        It protects you from fire.
   rElec:     It insulates you from electricity.
   rPois:     It protects you from poison.
 D - a ring of resist corrosion
Wands
 g - a wand of digging (3)
 o - a wand of flame (34)
 H - a wand of paralysis (4)
 J - a wand of polymorph (10)
Scrolls
 c - 4 scrolls of fog
 d - 4 scrolls of magic mapping
 e - 4 scrolls of fear
 i - 3 scrolls of teleportation
 m - 2 scrolls of noise {unknown}
 n - 9 scrolls of identify {unknown}
 p - a scroll of enchant armour {unknown}
 E - a scroll of immolation {unknown}
Potions
 f - 4 potions of haste
 r - a potion of flight {unknown}
 s - 3 potions of curing
 z - a potion of lignification {unknown}
 A - a potion of ambrosia {unknown}
 F - a potion of heal wounds {unknown}
 I - a potion of might


   Skills:
 - Level 6.0 Fighting
 - Level 1.7 Long Blades
 - Level 2.1 Maces & Flails
 - Level 3.9 Polearms
 - Level 1.0 Throwing
 - Level 1.0 Armour
 + Level 5.9 Dodging
 - Level 6.0 Stealth
 - Level 4.3 Spellcasting
 - Level 6.3 Air Magic
 + Level 5.5 Invocations
 - Level 3.0 Evocations


You had 14 spell levels left.
You knew the following spells:

 Your Spells              Type           Power      Damage    Failure   Level
a - Swiftness             Air            22%        N/A       3%          3

Your spell library contained the following spells:

 Spells                   Type           Power      Damage    Failure   Level
 Shock                    Conj/Air       48%        1d6       4%          1
 Airstrike                Air            11%        N/A       13%         4
 Summon Guardian Golem    Hex/Summ       3%         N/A       45%         3
 Orb of Destruction       Conj           1%         N/A       100%        7
 Spellforged Servitor     Conj/Summ      1%         N/A       100%        7


Dungeon Overview and Level Annotations

Branches:
Dungeon (8/15)             Temple (1/1) D:6
   Lair: D:8-11

Altars:
Ashenzari
Cheibriados
Dithmenos
Elyvilon
Fedhas
Gozag
Hepliaklqana
Kikubaaqudgha
Makhleb
Nemelex Xobeh
Okawaru
Qazlal
Ru
Sif Muna
Trog
Uskayaw
Vehumet
Wu Jian
Xom
Yredelemnul
Zin
The Shining One

Shops:
D:7 [

Annotations:
D:4 1 runed translucent door, Crazy Yiuf


Innate Abilities, Weirdness & Mutations

You may rarely emit foul miasma when damaged in melee.
You sometimes gain a little power by taking damage.
Your touch may irresistibly damage your foes and sap their willpower.


Message History

The vampire is lightly damaged.
The vampire hits you but does no damage.
The vampire bites you!
The vampire draws strength from your injuries!
Okay, then.
Okay, then.
Okay, then.
You closely miss the vampire. Your touch misses the vampire.
The vampire closely misses you. The vampire barely misses you.
You whack the vampire!
The vampire is moderately damaged.
The vampire mumbles some strange words.
The vampire flickers and vanishes!
Deactivating autopickup; reactivate with Ctrl-A.
You hit something but do no damage. Something hits you but does no damage.
Something bites you.
Something draws strength from your injuries!
You closely miss something.
You touch something.
You sap its willpower!
Something barely misses you. Something bites you!
Something draws strength from your injuries!
You whack something! Something hits you. Something bites you!
* * * LOW HITPOINT WARNING * * *
Something draws strength from your injuries!
Aiming: Throw Flame
Press: ? - help, Shift-Dir - straight line, f - killer bee
Aim: a killer bee (43% to hit)
The puff of flame hits something.
Something draws life force from you!
* * * LOW HITPOINT WARNING * * *
You focus on the pain.
You feel very mighty all of a sudden.
You closely miss something.
You touch something!
You sap its willpower!
Something hits you but does no damage. Something bites you.
* * * LOW HITPOINT WARNING * * *
Something draws strength from your injuries!
It was a potion of degeneration.
There was something very wrong with that liquid.
You feel weakened.
You feel dopey.
You feel clumsy. Something hits you!
You die...
Your body disappears without a glow.

#..#............#.#
#..##############.#
####..####### #.#
......÷.....# #y#
.##########.# #(# .# #.#
#.### .# ##.## ##...##
.#########...######8.>.8#
.##........#....@{y.....#
.##.######...#####.#.∩..##
....#######.## #.#.....#
.#####...##.# #.8.<.8.# .#
#.....#.# #.....#.# .#
#.......# ##......# .#
#.....### ########
.#####...## ...)###.##


You could see a killer bee.

Vanquished Creatures
  Pikel (D:5)
  2 centaur zombies
  Grinder (D:4)
  Sigmund (D:2)
  2 steam dragons (D:7)
  Eustachio (D:5)
  Edmund (D:5)
  A water moccasin (D:5)
  3 sky beasts (D:7)
  An orc warrior (D:7)
  3 ice beasts (D:6)
  3 ogres
  A centaur (D:7)
  2 lemures (D:5)
  2 phantoms
  2 kobold brigands (D:6)
  A bullfrog (D:6)
  2 wyvern zombies (D:7)
  2 scorpions
  2 killer bees
  A water moccasin skeleton (D:4)
  A wight (D:7)
  5 howler monkeys (D:7)
  2 jellies
  2 hounds
  3 orc priests
  A centaur skeleton (D:6)
  2 iguanas (D:6)
  4 orc wizards
  A killer bee zombie (D:7)
  A howler monkey zombie (D:6)
  Robin (D:4)
  2 howler monkey skeletons (D:5)
  8 adders
  A white imp (D:5)
  An adder skeleton (D:4)
  4 worms
  3 dart slugs
  18 orcs
  4 bats
  4 endoplasms
  2 giant cockroaches
  20 goblins
  8 hobgoblins
  11 kobolds
  5 quokkas
  7 ball pythons
  A frilled lizard (D:2)
  8 rats
165 creatures vanquished.

Notes
Turn   | Place    | Note
-------+----------+-------------------------------------------
     0 | D:5      | shoop the Demonspawn Delver began the quest for the Orb.
     0 | D:5      | Reached XP level 1. HP: 18/18 MP: 1/1
    26 | D:5      | Noticed Edmund
    52 | D:4      | Identified the +1 spear "Lumeving" {drain, rN+ Int+2}
    76 | D:4      | Reached skill level 1 in Polearms
   159 | D:4      | Gained mutation: You may rarely emit foul miasma when
                  | damaged in melee. [demonic ancestry]
   159 | D:4      | Reached XP level 2. HP: 24/24 MP: 2/2
   193 | D:4      | Gained mutation: You sometimes gain a little power by
                  | taking damage. [demonic ancestry]
   193 | D:4      | Reached XP level 3. HP: 9/29 MP: 3/3
   568 | D:5      | Gained mutation: Your touch may inflict minor irresistible
                  | damage on your foes. [demonic ancestry]
   568 | D:5      | Reached XP level 4. HP: 20/35 MP: 4/4
  1095 | D:4      | Identified the +7 whip "Killer Klown's Bane" {vorpal,
                  | Int+3}
  1113 | D:4      | Reached skill level 1 in Maces & Flails
  1113 | D:4      | Gained mutation: Your touch may inflict irresistible damage
                  | on your foes. [demonic ancestry]
  1113 | D:4      | Reached XP level 5. HP: 39/41 MP: 5/5
  2363 | D:2      | Noticed Sigmund
  2524 | D:2      | Found a faded altar of an unknown god.
  2953 | D:3      | Reached skill level 1 in Evocations
  3046 | D:5      | Noticed a water moccasin
  3055 | D:5      | Killed a water moccasin
  3056 | D:5      | Reached skill level 1 in Throwing
  3056 | D:5      | Gained mutation: Your touch may irresistibly damage your
                  | foes and sap their willpower. [demonic ancestry]
  3056 | D:5      | Reached XP level 6. HP: 40/47 MP: 6/6
  3082 | D:5      | Found a shadowy altar of Dithmenos.
  3194 | D:5      | Identified the ring "Tewniyl" {rElec rPois rF+}
  3286 | D:4      | Noticed Grinder
  3303 | D:4      | Killed Grinder
  3304 | D:4      | Reached XP level 7. HP: 40/54 MP: 7/7
  3756 | D:2      | Killed Sigmund
  3757 | D:2      | Reached skill level 5 in Fighting
  4674 | D:4      | Noticed Robin
  4699 | D:4      | Killed Robin
  5030 | D:4      | Found a runed translucent door.
  5031 | D:4      | Noticed Crazy Yiuf
  5038 | D:4      | Learned a level 3 spell: Swiftness
  5078 | D:5      | Noticed Eustachio
  5091 | D:5      | Killed Eustachio
  5092 | D:5      | Reached skill level 1 in Spellcasting
  5092 | D:5      | Reached skill level 1 in Air Magic
  5092 | D:5      | Reached XP level 8. HP: 50/63 MP: 7/9
  5273 | D:5      | Noticed Pikel
  5345 | D:5      | Killed Pikel
  5604 | D:5      | Killed Edmund
  5661 | D:5      | Reached skill level 5 in Air Magic
  5813 | D:6      | Reached XP level 9. HP: 54/68 MP: 14/14
  6055 | D:6      | Reached skill level 1 in Armour
  6055 | D:6      | Reached skill level 5 in Dodging
  6137 | D:6      | Found a staircase to the Ecumenical Temple.
  6149 | Temple   | Entered the Ecumenical Temple
  6422 | Temple   | Became a worshipper of Nemelex Xobeh the Trickster
  6693 | D:6      | Reached skill level 1 in Invocations
  6715 | D:6      | Reached skill level 5 in Stealth
  7378 | D:7      | Found Eriss's Armour Shoppe.
  7389 | D:7      | Identified the +8 dagger of Truncation {vorpal, rElec rN++
                  | rCorr MP-9}
  7835 | D:7      | Reached skill level 5 in Invocations
  7835 | D:7      | Reached XP level 10. HP: 73/76 MP: 16/16
  8063 | D:8      | Reached * piety under Nemelex Xobeh
  8184 | D:7      | HP: 1/76 [something (17)]
  8186 | D:7      | Mangled by a vampire

Illustrated notes

Levels and vault maps discovered:
D:1:      nzn_arrival_water_spiral, layout_basic
D:2:      layout_loops_ring, hellmonk_ecumenical_altar_zigzags, uniq_sigmund
D:3:      layout_loops_cross, minivault_5, serial_park_tiny_1,
          minmay_ogre_servants
D:4:      layout_layer_cave, uniq_grinder, uniq_crazy_yiuf_cottage, uniq_robin
D:5:      layout_loops_ring, grunt_dithmenos_smoke,
          cheibrodos_sewer_entry_drain, uniq_edmund, uniq_eustachio, uniq_pikel
D:6:      layout_basic, minmay_temple_entry_sparse_star
D:7:      layout_loops_ring, serial_shops, nicolae_stop_n_shop_2,
          hangedman_misty_isle
D:8:      layout_rooms, gammafunk_ghost_smash, mrwooster_statue_mirror,
          david_defended_altar_orc, uniq_gastronok
Temple:   mainiacjoe_temple_hex_bubbles

Skill      XL: |  1  2  3  4  5  6  7  8  9 10 |
---------------+-------------------------------+-----
Polearms       | 1 3 |  3.9
Maces & Flails | 1 2 |  2.1
Dodging        | 2 3 4 5 |  5.9
Evocations     | 2 3 |  3.0
Throwing       | 1 |  1.0
Fighting       | 4 5 6 |  6.0
Spellcasting   | 1 3 4 |  4.3
Air Magic      | 1 5 6 |  6.3
Armour         | 1 |  1.0
Invocations    | 5 |  5.5
Stealth        | 6 |  6.0
Long Blades    | |  1.7

Action                   |  1- 3 |  4- 6 |  7- 9 | 10-12 || total
-------------------------+-------+-------+-------+-------++-------
Melee: Spear             |    50 |    79 |       |       ||   129
       Touch             |       |    12 |    56 |     7 ||    75
       Whip              |       |    66 |   331 |    46 ||   443
Throw: Dart              |       |       |     1 |     1 ||     2
       Boomerang         |       |       |     1 |       ||     1
Evoke: Wand              |       |       |       |     1 ||     1
  Use: Potion            |       |     1 |       |     1 ||     2
       Scroll            |       |       |       |     1 ||     1
 Stab: Sleeping          |       |    15 |     8 |       ||    23
Armor: Leather armour    |     6 |    21 |     3 |       ||    30
       Robe              |       |       |    62 |    18 ||    80
Dodge: Dodged            |    20 |    51 |   177 |    69 ||   317

Table legend: (Time is in decaauts)
 A = Elapsed time spent in this place.
 B = Non-inter-level travel time spent in this place.
 C = Inter-level travel time spent in this place.
 D = Time resting spent in this place.
 E = Time spent auto-exploring this place.
 F = Levels seen in this place.
 G = Mean time per level.
                   A        B        C        D        E       F      G
               +--------+--------+--------+--------+--------+-----+--------+
         Total |   8198 |   7718 |    480 |    800 |   5141 |   9 |  910.9 |
       Dungeon |   7894 |   7473 |    421 |    800 |   4898 |   8 |  986.8 |
        Temple |    303 |    244 |     59 |      0 |    243 |   1 |  303.0 |
               +--------+--------+--------+--------+--------+-----+--------+

Top non-repeatable levels by time:
     D:4: 1695 daAuts
     D:5: 1350 daAuts
     D:3: 1213 daAuts
     D:6: 1073 daAuts
     D:7: 999 daAuts
     D:2: 869 daAuts
     D:1: 661 daAuts
  Temple: 303 daAuts
     D:8: 31 daAuts
